 Dungeon Crawl Stone Soup version 0.29.1-2-gbd0b4ee654 (webtiles) character file.

Game seed: 11544946259372719401

35758 nshep25 the Severer (level 13, -8/122 HPs)
             Began as a Minotaur Fighter on Oct 27, 2022.
             Was an Initiate of Gozag.
             Mangled by a 16-headed hydra (11 damage)
             ... on level 4 of the Lair of Beasts.
             The game lasted 00:54:46 (17801 turns).

nshep25 the Severer (Minotaur Fighter)             Turns: 17801, Time: 00:54:50

Health: -8/122     AC: 23    Str: 25    XL:     13   Next: 49%
Magic:  12/12      EV: 17    Int:  5    God:    Gozag
Gold:   2668       SH:  5    Dex: 11    Spells: 12/12 levels left

rFire   + . .      SeeInvis .   a - +4 battleaxe (venom)
rCold   + . .      Faith    .   (shield currently unavailable)
rNeg    + + .      Spirit   .   E - +5 ring mail {rF+}
rPois   .          Reflect  +   H - +2 hat
rElec   .          Harm     .   C - +2 cloak {Will+}
rCorr   +          Rampage  .   J - +3 pair of gloves of the Valley of Death {Fly rC+ rN+ rCorr}
Will    +....                   S - +0 pair of boots of the Bright Alphagorgon {Regen+}
Stlth   +.........              W - amulet of reflection
HPRegen 1.10/turn               y - ring of positive energy
MPRegen 0.13/turn               P - +4 ring of evasion

@: gold aura, flying
A: horns 2, retaliatory headbutt
a: Renounce Religion, Potion Petition, Call Merchant, Bribe Branch


You were on level 4 of the Lair of Beasts.
You worshipped Gozag.
Gozag was most pleased with you.
You visited 4 branches of the dungeon, and saw 18 of its levels.

You collected 4532 gold pieces.
You spent 1317 gold pieces at shops.
You paid 547 gold pieces to Gozag.

Inventory:

Hand Weapons
 a - a +4 battleaxe of venom (weapon)
 b - a +4 battleaxe of freezing
Missiles
 h - a throwing net
 n - 3 javelins
 A - 29 boomerangs (quivered)
 F - a silver boomerang
Armour
 C - a +2 cloak of willpower (worn)
 E - a +5 ring mail of fire resistance (worn)
 H - a +2 hat (worn)
 J - the +3 pair of gloves of the Valley of Death (worn) {Fly rC+ rN+ rCorr}
   (You bought it in a shop on level 9 of the Dungeon)

   rC:        It protects you from cold.
   rN:        It protects you from negative energy.
   Fly:       It grants you flight.
   rCorr:     It protects you from acid and corrosion.
 R - a +1 pair of boots of flying
 S - the +0 pair of boots of the Bright Alphagorgon (worn) {Regen+}
   (You bought it in a shop on level 9 of the Dungeon)

   Regen:     It increases your rate of health regeneration.
Jewellery
 c - a +4 ring of evasion
 s - an amulet of magic regeneration
 y - a ring of positive energy (left hand)
 B - an amulet of regeneration
 D - a ring of resist corrosion
 I - a ring of positive energy
 N - a ring of flight
 P - a +4 ring of evasion (right hand)
 T - a ring of protection from fire
 W - an amulet of reflection (around neck)
Wands
 j - a wand of mindburst (4)
 o - a wand of digging (6)
 w - a wand of flame (10)
 V - a wand of charming (2)
 X - a wand of iceblast (5)
Scrolls
 e - a scroll of fear
 g - 12 scrolls of teleportation
 m - 2 scrolls of amnesia
 q - 3 scrolls of blinking
 r - a scroll of butterflies
 t - 4 scrolls of identify
 G - a scroll of summoning
 L - a scroll of poison
 M - a scroll of enchant weapon {unknown}
Potions
 d - 2 potions of might
 f - 7 potions of curing
 i - 4 potions of brilliance
 k - 5 potions of lignification
 l - 2 potions of magic {unknown}
 p - 4 potions of heal wounds {unknown}
 v - 2 potions of mutation {unknown}
 x - a potion of attraction {unknown}
 z - 3 potions of flight {unknown}
 K - a potion of ambrosia {unknown}
 Q - a potion of resistance {unknown}
 U - a potion of berserk rage
Miscellaneous
 u - a phantom mirror
 O - a tin of tremorstones (2/2)


   Skills:
 * Level 13.5 Fighting
 * Level 20.2 Axes
 * Level 6.2 Throwing
 + Level 8.3 Armour
 + Level 5.6 Dodging
 + Level 3.1 Stealth
 + Level 5.1 Shields


You had 12 spell levels left.
You didn't know any spells.
Your spell library contained the following spells:

 Spells                   Type           Power      Damage    Failure   Level
 Apportation              Tloc           0%         N/A       58%         1
 Magic Dart               Conj           0%         1d3       58%         1
 Shock                    Conj/Air       0%         1d3       58%         1
 Call Imp                 Summ           0%         N/A       75%         2
 Mephitic Cloud           Conj/Pois/Air  0%         N/A       92%         3
 Portal Projectile        Hex/Tloc       0%         N/A       92%         3
 Swiftness                Air            0%         N/A       92%         3
 Tukima's Dance           Hex            0%         N/A       92%         3
 Airstrike                Air            0%         2d(0-16)  100%        4
 Leda's Liquefaction      Hex/Erth       0%         N/A       100%        4
 Blade Hands              Tmut           0%         N/A       100%        5
 Lee's Rapid Deconstruct  Erth           0%         3d5*      100%        5
 Statue Form              Tmut/Erth      0%         N/A       100%        6


Dungeon Overview and Level Annotations

Branches:
Dungeon (12/15)            Temple (1/1) D:7            Lair (2/5) D:8
 Spider (0/4) Lair:2          Orc (2/2) D:12            Elf (0/3) Orc:2
  Swamp: Lair:2-3    Shoals: Lair:2-3

Altars:
Ashenzari
Cheibriados
Dithmenos
Elyvilon
Fedhas
Gozag
Hepliaklqana
Kikubaaqudgha
Makhleb
Nemelex Xobeh
Okawaru
Qazlal
Ru
Sif Muna
Trog
Uskayaw
Vehumet
Wu Jian
Xom
Yredelemnul
Zin
The Shining One

Shops:
D:9 [   Orc:1 (   Orc:2 (*[(

Annotations:
D:12 3 runed translucent doors, Icepheonix32's ghost, journeyman MiFi


Innate Abilities, Weirdness & Mutations

You have a pair of horns on your head.
You reflexively headbutt those who attack you in melee.


Message History

The 14-headed hydra bites you but does no damage. x2
The 14-headed hydra bites you!
* * * LOW HITPOINT WARNING * * *
The 14-headed hydra barely misses you. The elephant tramples you.
* * * LOW HITPOINT WARNING * * *
You hold your ground!
The elephant closely misses you. The elephant tramples you.
* * * LOW HITPOINT WARNING * * *
You hold your ground!
The elephant trunk-slaps you but does no damage.
The elephant tramples you but does no damage.
The elephant misses you.
You lop one of the 14-headed hydra's heads off!
The 13-headed hydra grows two more!
You slash the 15-headed hydra!
The 15-headed hydra is almost dead.
You hit the elephant. x2; The elephant looks as sick as possible!
You slash the elephant!
You kill the elephant!
You slash the elephant!
You slice one of the 15-headed hydra's heads off!
The 14-headed hydra grows two more!
You hit the 16-headed hydra.
The 16-headed hydra looks as sick as possible!
The 16-headed hydra is severely wounded.
You hit the elephant.
The elephant looks as sick as possible!
You barely miss the elephant. You slash the elephant!
The elephant closely misses you.
The elephant trunk-slaps you but does no damage.
The elephant closely misses you.
The elephant trunk-slaps you but does no damage.
The elephant is distracted by your dazzling golden aura.
The 16-headed hydra bites you but does no damage.
You block the 16-headed hydra's attack.
The 16-headed hydra bites you but does no damage. x4
The 16-headed hydra barely misses you. You block the 16-headed hydra's attack.
The 16-headed hydra bites you but does no damage.
The 16-headed hydra bites you!
* * * LOW HITPOINT WARNING * * *
The 16-headed hydra bites you!
You die...
Your body crumbles into a pile of gold.

##.~#~~... .
..~~#~.. ..
#.~~~~.# ...
#.~~~~.####
..#.#.......PP#
.........(....#
......Y$Y.^....
.....SD@.......
......Y$.......
..............#
...............
#..#..#.~....(.
## #...~≈#.....
##.#≈≈#.....
#.####.....


You could see a 16-headed hydra (extremely poisoned), 3 elephants and a water
moccasin.

Vanquished Creatures
  Frances (D:12)
  Harold (Orc:1)
  4 hydras
  A boulder beetle (Lair:1)
  3 two-headed ogres
  A tengu warrior (D:8)
  The ghost of SprigganGuy the Slicer, a journeyman VSAK of Lugonu (Orc:2)
  A deep troll (Orc:2)
  Pikel (D:7)
  A deep elf pyromancer (D:8)
  2 orc knights (Orc:2)
  An orc sorcerer (Orc:2)
  An ugly thing (D:8)
  A moth of wrath (Orc:2)
  2 cyclopes
  3 elephants (Lair:4)
  Joseph (D:9)
  2 black mambas
  2 cane toads (Lair:1)
  An unseen horror (D:12)
  Psyche (D:11)
  A rime drake (Lair:1)
  3 komodo dragons (Lair:1)
  2 kobold demonologists (D:10)
  5 trolls
  Prince Ribbit (D:6)
  Grinder (D:3)
  8 blink frogs
  A hornet (D:8)
  3 slime creatures (D:9)
  A jumping spider (Lair:2)
  A spriggan (D:7)
  3 shadows
  Eustachio (D:5)
  2 culicivoras (Lair:2)
  14 yaks
  A wyvern (D:9)
  2 wraiths (D:11)
  A redback (Lair:2)
  3 vampire mosquitoes (D:12)
  Menkaure (D:6)
  A warg (Orc:2)
  Edmund (D:6)
  8 water moccasins
  Duvessa (D:6)
  An acid dragon (D:11)
  A black bear (D:6)
  3 sky beasts
  36 orc warriors
  An ice beast (D:8)
  4 ogres
  16 centaurs
  2 lemures (D:7)
  A wolf (D:8)
  2 phantoms
  Blork the orc (D:6)
  6 kobold brigands
  8 bullfrogs
  6 scorpions
  2 gnoll sergeants
  16 wights
  Dowan (D:6)
  10 killer bees
  2 electric eels (D:8)
  5 howler monkeys
  A gnoll bouda (D:9)
  3 jellies
  14 orc priests
  6 hounds
  An iguana (D:4)
  Natasha (thrice) (D:3)
  14 orc wizards
  17 gnolls
  8 adders
  A shadow imp (D:7)
  2 white imps
  A worm (D:2)
  A dart slug (D:2)
  84 orcs
  9 ball pythons
  7 endoplasms
  6 giant cockroaches
  2 hobgoblins
  10 jackals
  8 quokkas
  7 bats
  4 frilled lizards
  10 goblins
  21 kobolds
  4 rats
466 creatures vanquished.

Vanquished Creatures (others)
  6 fungi
  3 plants
9 creatures vanquished.

Grand Total: 475 creatures vanquished

Notes
Turn   | Place    | Note
-------+----------+-------------------------------------------
     0 | D:1      | nshep25 the Minotaur Fighter began the quest for the Orb.
     0 | D:1      | Reached XP level 1. HP: 19/19 MP: 0/0
   179 | D:1      | Reached skill level 3 in Axes
   179 | D:1      | Reached XP level 2. HP: 27/27 MP: 1/1
   444 | D:1      | Found a faded altar of an unknown god.
   450 | D:1      | Got Plato's Incunabulum of the Map
   577 | D:1      | You fall into a shaft and drop 1 floor!
   629 | D:2      | Reached XP level 3. HP: 29/33 MP: 2/2
   958 | D:2      | Reached skill level 4 in Axes
  1432 | D:3      | Reached XP level 4. HP: 40/40 MP: 3/3
  1666 | D:3      | You fall into a shaft and drop 3 floors!
  1710 | D:5      | Entered Level 5 of the Dungeon
  1755 | D:5      | Noticed Eustachio
  1773 | D:5      | Killed Eustachio
  1774 | D:5      | Reached skill level 5 in Axes
  1774 | D:5      | Reached skill level 1 in Dodging
  1774 | D:5      | Reached XP level 5. HP: 38/47 MP: 4/4
  1850 | D:3      | Noticed Natasha
  1862 | D:3      | Killed Natasha
  1863 | D:3      | Reached skill level 6 in Axes
  1863 | D:3      | Reached XP level 6. HP: 27/53 MP: 5/5
  1870 | D:3      | Noticed Natasha
  1874 | D:3      | Killed Natasha
  2159 | D:3      | Noticed Grinder
  2162 | D:3      | Paralysed by Grinder for 5 turns
  2174 | D:3      | Paralysed by Grinder for 3 turns
  2193 | D:3      | Killed Grinder
  2194 | D:3      | Reached skill level 5 in Fighting
  2194 | D:3      | Reached skill level 7 in Axes
  2250 | D:3      | Noticed Natasha
  2258 | D:3      | Killed Natasha
  2259 | D:3      | Reached XP level 7. HP: 16/61 MP: 6/6
  3178 | D:4      | Reached skill level 8 in Axes
  3298 | D:4      | Found a radiant altar of Vehumet.
  4189 | D:5      | Reached skill level 9 in Axes
  4189 | D:5      | Reached XP level 8. HP: 64/70 MP: 7/7
  4364 | D:5      | Found an opulent altar of Gozag.
  4380 | D:5      | Became a worshipper of Gozag Ym Sagoz the Greedy
  4401 | D:5      | Found a basalt altar of Yredelemnul.
  4451 | D:5      | Found a bloodstained altar of Trog.
  4680 | D:6      | Noticed Menkaure
  4685 | D:6      | Killed Menkaure
  4686 | D:6      | Reached skill level 5 in Armour
  4694 | D:6      | Reached skill level 10 in Axes
  5037 | D:6      | Noticed Duvessa
  5037 | D:6      | Noticed Dowan
  5044 | D:6      | Killed Duvessa
  5045 | D:6      | Killed Dowan
  5135 | D:6      | Found a hide-covered altar of Uskayaw.
  5185 | D:6      | Found a sacrificial altar of Ru.
  5408 | D:6      | Noticed Edmund
  5426 | D:6      | Killed Edmund
  5427 | D:6      | Reached skill level 11 in Axes
  5705 | D:6      | Reached XP level 9. HP: 68/79 MP: 8/8
  5752 | D:6      | Noticed Prince Ribbit
  5760 | D:6      | Killed Prince Ribbit
  5948 | D:6      | Noticed Blork the orc
  5955 | D:6      | Killed Blork the orc
  5956 | D:6      | Reached skill level 1 in Stealth
  6236 | D:7      | Found a staircase to the Ecumenical Temple.
  6263 | D:7      | Reached skill level 12 in Axes
  6791 | D:7      | Noticed Pikel
  6853 | D:7      | Killed Pikel
  6854 | D:7      | Reached skill level 5 in Shields
  6923 | D:7      | Found a burning altar of Makhleb.
  7606 | D:7      | Reached skill level 13 in Axes
  8387 | D:8      | Found a large runed translucent door.
  8387 | D:8      | Found a large runed translucent door.
  8391 | D:8      | Noticed a purple ugly thing
  8391 | D:8      | Noticed a six-headed hydra
  8444 | D:8      | Reached XP level 10. HP: 82/90 MP: 9/9
  9179 | D:8      | Found a broken altar of Ashenzari.
  9224 | D:8      | Found a large runed translucent door.
  9224 | D:8      | Found a large runed translucent door.
  9255 | D:8      | Noticed a deep elf pyromancer
  9259 | D:8      | Killed a deep elf pyromancer
  9416 | D:8      | Identified the +10 short sword of Contradiction {drain, rF+
                  | rN+}
  9464 | D:8      | Reached skill level 14 in Axes
  9740 | D:8      | Found a staircase to the Lair.
 10031 | D:8      | Noticed a tengu warrior
 10041 | D:8      | Killed a tengu warrior
 10388 | D:8      | Found a hazy altar of Hepliaklqana.
 10491 | Temple   | Entered the Ecumenical Temple
 10831 | D:9      | Reached skill level 10 in Fighting
 10832 | D:9      | Reached skill level 15 in Axes
 11344 | D:9      | Noticed Joseph
 11362 | D:9      | Reached XP level 11. HP: 71/99 MP: 10/10
 11366 | D:9      | Killed Joseph
 11969 | D:9      | Bought a pair of masterwork gloves for 342 gold pieces
 11969 | D:9      | Identified the +3 pair of gloves of the Valley of Death
                  | {Fly rC+ rN+ rCorr} (You bought it in a shop on level 9 of
                  | the Dungeon)
 11969 | D:9      | Bought a pair of smoking boots for 342 gold pieces
 11969 | D:9      | Identified the +0 pair of boots of the Bright Alphagorgon
                  | {Regen+} (You bought it in a shop on level 9 of the
                  | Dungeon)
 12003 | D:10     | Entered Level 10 of the Dungeon
 12070 | D:10     | Identified the +8 quarterstaff "Qomil" {antimagic, rF+
                  | Will+++ Dex+4 Stlth+}
 12203 | D:10     | Reached skill level 1 in Throwing
 12212 | D:10     | Noticed a sixfirhy
 12216 | D:10     | Reached skill level 16 in Axes
 12498 | D:10     | Noticed a two-headed ogre
 12502 | D:10     | Killed a two-headed ogre
 13018 | D:11     | Noticed Psyche
 13035 | D:11     | Killed Psyche
 13199 | D:11     | Noticed a two-headed ogre
 13204 | D:11     | Killed a two-headed ogre
 13625 | D:11     | Noticed an eight-headed hydra
 13653 | D:10     | Killed an 11-headed hydra
 13654 | D:10     | Reached skill level 17 in Axes
 13913 | D:12     | Noticed Frances
 13927 | D:12     | Killed Frances
 13962 | D:12     | Identified the +2 robe of Araretui {Int+6}
 14059 | D:12     | Reached XP level 12. HP: 85/110 MP: 11/11
 14091 | D:12     | Found a runed translucent gate.
 14091 | D:12     | Found a runed translucent gate.
 14091 | D:12     | Found a runed translucent gate.
 14092 | D:12     | Noticed Icepheonix32's ghost (journeyman MiFi)
 14292 | D:12     | Noticed an eight-headed hydra
 14302 | D:12     | Killed a 14-headed hydra
 14517 | D:12     | Found a staircase to the Orcish Mines.
 14648 | D:8      | Killed an 11-headed hydra
 14746 | D:9      | Bought a bloodstained scale mail for 324 gold pieces
 14746 | D:9      | Identified the +1 scale mail of Indemnity {*Corrode Str+3
                  | Int+3} (You bought it in a shop on level 9 of the Dungeon)
 14846 | Orc:1    | Entered Level 1 of the Orcish Mines
 14888 | Orc:2    | Entered Level 2 of the Orcish Mines
 14900 | Orc:2    | Reached skill level 18 in Axes
 15092 | Orc:2    | Found a transporter.
 15159 | Orc:2    | Reached skill level 5 in Dodging
 15240 | Orc:2    | Found Aloy's Antique Armour Shop.
 15240 | Orc:2    | Found Pogheeq's Assorted Antiques.
 15249 | Orc:2    | Found Vivomnoy's Antique Weapon Shoppe.
 15294 | Orc:2    | Found Jotatt's Weapon Boutique.
 15303 | Orc:2    | Bought a scroll of identify for 58 gold pieces
 15303 | Orc:2    | Bought a glowing golden potion for 26 gold pieces
 15308 | Orc:2    | Bought a runed cloak for 225 gold pieces
 15627 | Orc:2    | Found a staircase to the Elven Halls.
 15680 | Orc:2    | Found a transporter.
 15698 | Orc:2    | Found a bloodstained altar of Trog.
 15719 | Orc:2    | Noticed a two-headed ogre
 15719 | Orc:2    | Noticed SprigganGuy's ghost (journeyman VSAK)
 15819 | Orc:1    | Noticed Harold
 15826 | Orc:1    | Killed Harold
 15827 | Orc:1    | Reached skill level 5 in Throwing
 15928 | Orc:1    | Reached skill level 19 in Axes
 16222 | Orc:1    | Found Peuguuga's Antique Weapon Boutique.
 16345 | Orc:2    | Killed a two-headed ogre
 16348 | Orc:2    | Killed SprigganGuy's ghost
 16361 | Orc:2    | Reached XP level 13. HP: 90/119 MP: 12/12
 16550 | Lair:1   | Entered Level 1 of the Lair of Beasts
 17390 | Lair:2   | Reached skill level 20 in Axes
 17679 | Lair:2   | Found a hole to the Spider Nest.
 17789 | Lair:2   | You are sucked into a shaft and drop 2 floors!
 17801 | Lair:4   | HP: 3/122 [16-headed hydra (11)]
 17801 | Lair:4   | Mangled by a 16-headed hydra

Illustrated notes

Levels and vault maps discovered:
D:1:      minmay_arrival_hallway, layout_basic,
          shapermc_ecumenical_altar_rom_forum, minmay_misc_feat_hallway,
          minmay_misc_feat_secret_circle
D:2:      layout_rooms
D:3:      layout_loops_corners, uniq_grinder, uniq_natasha
D:4:      layout_loops_ring, fiery_altar_vehumet
D:5:      layout_loops_cross, mainiacjoe_overflow_catch_the_wave,
          mainiacjoe_overflow_chevrons, uniq_eustachio
D:6:      layout_layer_cave, mainiacjoe_overflow_six_doors_small,
          nicolae_ru_great_annihilating_truth, portal_sewer_entry_f,
          uniq_blork_the_orc, uniq_duvessa, uniq_prince_ribbit1, uniq_menkaure,
          uniq_edmund
D:7:      layout_loops_corners, kennysheep_mini, temple_doors_e,
          serial_co_window_serial, co_window_paths_a, co_window_paths_b,
          co_window_of_opportunity_a, co_window_of_opportunity_a,
          co_window_of_opportunity_a, co_window_of_opportunity_a,
          co_window_paths_a, co_window_cross_2, co_window_corner_ca,
          co_window_of_opportunity_c, co_window_unsneaky_path_a,
          co_window_2corner, co_window_paths_e, glass_columns_b,
          glass_columns_a, glass_columns_c, glass_columns_c, glass_columns_a,
          enter_bailey_3, the_hattery, uniq_pikel
D:8:      layout_loops_corners, mainiacjoe_overflow_swirl, erik_lair_island,
          grunt_decor_arrowhead, minmay_hollow_rounded_squares
D:9:      layout_grid_maze, uniq_joseph
D:10:     layout_layer_cave, dk_noncrumbling_3
D:11:     layout_loops_ring, uniq_psyche
D:12:     layout_basic, hiddenorc1_lemuel, gammafunk_ghost_necromancy,
          uniq_frances
Temple:   nicolae_temple_bog_church
Lair:1:   layout_chaotic_city, st_stairs_5, serial_bayou_shore_a,
          grunt_megastairs_3
Lair:2:   layout_regular_city, spider_nest_entry_funnel_web, lemuel_fruit_tree,
          grunt_megastairs_4
Lair:4:   layout_gridlike, chequers_serial_rivers_small_a, uniq_josephine,
          uniq_rupert
Orc:1:    layout_diamond_mine, serial_shops, shop, uniq_harold
Orc:2:    st_orc_rangers, layout_diamond_mine, gammafunk_ghost_wrathful_warriors

Skill      XL: |  1  2  3  4  5  6  7  8  9 10 11 12 13 |
---------------+----------------------------------------+-----
Axes           | 3 4 5 6 7 9 11 13 15 17 19 20 | 20.2
Fighting       | 4 5 6 7 8 10 11 12 13 | 13.5
Shields        | 4 5 |  5.1
Dodging        | 1 2 3 4 5 |  5.6
Armour         | 4 5 6 7 8 |  8.3
Stealth        | 1 2 3 |  3.1
Throwing       | 3 5 6 |  6.2

Action                   |  1- 3 |  4- 6 |  7- 9 | 10-12 | 13-15 || total
-------------------------+-------+-------+-------+-------+-------++-------
Melee: War axe           |    83 |    65 |   268 |       |       ||   416
       Headbutt          |     6 |    10 |    42 |    91 |    34 ||   183
       Battleaxe         |       |       |    28 |   526 |   123 ||   677
Throw: Boomerang         |       |       |       |    22 |       ||    22
Invok: Call Merchant     |       |       |       |     1 |       ||     1
  Use: Scroll            |       |       |    13 |     5 |       ||    18
       Potion            |       |       |       |     3 |       ||     3
 Stab: Distracted        |       |       |     1 |     8 |     1 ||    10
       Paralysed         |       |       |     1 |       |       ||     1
       Sleeping          |       |       |       |     2 |       ||     2
Armor: Scale mail        |    47 |    37 |       |       |       ||    84
       Chain mail        |       |     6 |    98 |       |       ||   104
       Ring mail         |       |       |    43 |   304 |    69 ||   416
       Skin              |       |       |       |     1 |       ||     1
Dodge: Dodged            |    50 |    21 |   137 |   456 |   124 ||   788
Block: Buckler           |    14 |     9 |    55 |       |       ||    78
       Other             |       |       |       |       |    14 ||    14
